 Dungeon Crawl Stone Soup version 0.31.0-9-g3a7656b989 (webtiles) character file.

Game seed: 13260849874051405954

2802012 EnegeticOcto the Marksspriggan (level 25, 114/147 HPs)
             Began as a Spriggan Summoner on Feb 4, 2024.
             Was the Champion of Fedhas.
             Escaped with the Orb
             ... and 5 runes!
             The game lasted 02:22:55 (81138 turns).

EnegeticOcto the Marksspriggan (Spriggan Summoner) Turns: 81138, Time: 02:22:56

Health: 114/147    AC: 17    Str: 10      XL:     25   Next: 68%
Magic:  43/48      EV: 48    Int: 18 (21) God:    Fedhas [******]
Gold:   2674       SH: 15    Dex: 33      Spells: 41/64 levels left

rFire   + + .        Z - +9 hand cannon (chaos)
rCold   + . .        L - +2 buckler
rNeg    + . .        O - +1 robe of Cheibriados {rF++ Int+3}
rPois   +            g - +2 hat of the Bear Spirit {Spirit, Bear, *Rage Will++}
rElec   +            I - +2 cloak {rCorr}
rCorr   +            (gloves unavailable)
SInv    +            (boots unavailable)
Will    +++++        r - amulet "Uxzerue" {Faith rElec Dex+4 SInv}
Stlth   ++           A - ring "Dop Ruec" {rPois rN+}
HPRegen 0.44/turn    u - ring "Tisuemymm" {rC+ Str+6 Int+3 Dex+4}
MPRegen 0.31/turn

%: random rage (20%), guardian spirit, faith
@: studying Translocations, very quick
A: very small, no large weapons, unfitting armour, see invisible, speed 3, large
bone plates 1, clumsy 1, dopey 1
0: Orb of Zot
}: 5/15 runes: serpentine, barnacled, slimy, silver, abyssal
a: Renounce Religion, Wall of Briars, Grow Ballistomycete, Overgrow, Grow Oklob


You escaped.
You worshipped Fedhas.
Fedhas was exalted by your worship.
You visited 12 branches of the dungeon, and saw 56 of its levels.
You visited the Abyss 4 times.
You also visited: Wizlab.

You collected 7864 gold pieces.
You spent 5190 gold pieces at shops.

Inventory:

Hand Weapons
 y - a +2 spear of distortion
   (You found it on level 1 of the Vaults)
 Z - a +9 hand cannon of chaos (weapon)
   (You bought it in a shop on level 2 of the Orcish Mines)
Missiles
 s - 18 curare-tipped darts
 w - 8 throwing nets {!f}
Armour
 g - the +2 hat of the Bear Spirit (worn) {Spirit, Bear, *Rage Will++}
   (You found it on level 5 of the Vaults)

   Bear:      Going berserk makes the wearer exceptionally tough, and they are
   slowed for a shorter time afterward.
   Will++:    It greatly increases your willpower.
   *Rage:     It berserks you when you make melee attacks (+20% chance).
 I - a +2 cloak of preservation (worn)
   (You bought it in a shop on level 3 of the Elven Halls)
 J - a +0 robe of resistance
   (You took it off a merfolk aquamancer on level 4 of the Shoals)
 K - a scarf of resistance
   (You found it on level 5 of the Pits of Slime)
 L - a +2 buckler (worn)
   (You found it on level 2 of the Vaults)
 O - the +1 robe of Cheibriados (worn) {rF++ Int+3}
   (You found it on level 5 of the Pits of Slime)

   Int+3:     It affects your intelligence (+3).
   rF++:      It greatly protects you from fire.
 T - the +1 robe of Vines {NoPotionHeal Regen++++}
   (You found it on level 1 of the Lair of Beasts)

   NoPotionHeal: Its wearer cannot be healed by potions.
   Regen++++: It increases your rate of health regeneration.
Jewellery
 i - a +4 ring of protection
   (You found it on level 1 of the Dungeon)
 r - the amulet "Uxzerue" (around neck) {Faith rElec Dex+4 SInv}
   (You acquired it on level 5 of the Vaults)

   [amulet of faith]

   Faith:     It allows you to gain divine favour quickly.
   Dex+4:     It affects your dexterity (+4).
   rElec:     It insulates you from electricity.
   SInv:      It lets you see invisible.
 u - the ring "Tisuemymm" (right hand) {rC+ Str+6 Int+3 Dex+4}
   (You bought it in a shop on level 3 of the Elven Halls)

   [ring of strength]

   Str+6:     It affects your strength (+6).
   Int+3:     It affects your intelligence (+3).
   Dex+4:     It affects your dexterity (+4).
   rC+:       It protects you from cold.
 z - a ring of protection from fire
   (You found it on level 6 of the Dungeon)
 A - the ring "Dop Ruec" (left hand) {rPois rN+}
   (You found it on level 3 of the Crypt)

   [ring of positive energy]

   rPois:     It protects you from poison rN+: It protects you from negative
   energy.
Wands
 a - a wand of digging (16) {@v3}
   (You found it on level 1 of the Elven Halls)
 d - a wand of paralysis (47)
   (You took it off Pikel on level 4 of the Dungeon)
 m - a wand of quicksilver (23) {@v1}
   (You found it on level 1 of the Vaults)
 C - a wand of iceblast (30) {@v2}
   (You bought it in a shop on level 2 of the Orcish Mines)
 R - a wand of polymorph (23)
   (You found it on level 10 of the Dungeon)
 W - a wand of mindburst (21)
   (You found it on level 12 of the Dungeon)
Scrolls
 c - 3 scrolls of butterflies {!r}
 e - 8 scrolls of blinking {@r4}
 f - 2 scrolls of silence {!r}
 k - 14 scrolls of fear {!r}
 n - 7 scrolls of enchant armour
 p - 9 scrolls of immolation
 v - 15 scrolls of teleportation {@r3 !r}
 B - 10 scrolls of fog {!r}
 D - 2 scrolls of vulnerability
 E - 3 scrolls of revelation {@r5 !r}
 Y - 8 scrolls of poison {!r}
Potions
 b - 7 potions of magic
 h - 6 potions of enlightenment
 j - 6 potions of mutation
 l - 6 potions of berserk rage
 o - 5 potions of attraction
 q - 25 potions of curing {@q1 !q}
 x - a potion of resistance
 F - 12 potions of heal wounds {@q2 !q}
 N - a potion of cancellation
 P - 6 potions of might {@q3 !q}
 S - 5 potions of ambrosia
 U - 2 potions of haste {@q4 !q}
 V - 7 potions of invisibility
 X - 7 potions of lignification {@q6}
Miscellaneous
 t - a phantom mirror
   (You found it on level 4 of the Shoals)
 G - a phial of floods
   (You found it on level 5 of the Lair of Beasts)
 H - a lightning rod (4/4)
   (You found it on level 14 of the Dungeon)
 M - a tin of tremorstones (2/2)
   (You found it on level 1 of the Vaults)
 Q - a sack of spiders
   (You found it on level 4 of the Shoals)


   Skills:
 - Level 20.0 Fighting
 - Level 20.0 Ranged Weapons
 + Level 7.2 Armour
 - Level 20.0 Dodging
 - Level 10.0 Stealth
 - Level 10.0 Shields
 - Level 20.0 Spellcasting
 - Level 10.0 Hexes
 - Level 3.2 Summonings
 - Level 10.0 Translocations
 - Level 8.0 Air Magic
 - Level 4.0 Earth Magic
 + Level 17.3 Invocations
 + Level 17.3 Evocations
 - Level 1.7 Shapeshifting


You had 41 spell levels left.
You knew the following spells:

 Your Spells              Type           Power      Damage    Failure   Level
a - Apportation           Tloc           100%       N/A       1%          1
b - Vhi's Electric Charg  Tloc/Air       100%       N/A       1%          4
c - Summon Mana Viper     Hex/Summ       41%        N/A       7%          5
p - Passwall              Erth           32%        N/A       1%          3
N - Silence               Hex/Air        25%        N/A       2%          5
V - Swiftness             Air            46%        N/A       1%          3
Y - Blink                 Tloc           100%       N/A       1%          2

Your spell library contained the following spells:

 Spells                   Type           Power      Damage    Failure   Level
 Sandblast                Erth           64%        2d14      1%          1
 Shock                    Conj/Air       100%       1d9       1%          1
 Summon Small Mammal      Summ           100%       N/A       1%          1
 Call Imp                 Summ           58%        N/A       1%          2
 Cigotuvi's Dreadful Rot  Necr/Alch/Air  54%        N/A       1%          2
 Ensorcelled Hibernation  Hex/Ice        72%        N/A       1%          2
 Mercury Vapours          Alch/Air       64%        N/A       1%          2
 Momentum Strike          Conj/Tloc      72%        3d10      1%          2
 Static Discharge         Conj/Air       64%        3-6/arc   1%          2
 Confusing Touch          Hex            52%        N/A       1%          3
 Dazzling Flash           Conj/Hex       72%        N/A       1%          3
 Inner Flame              Hex/Fire       36%        N/A       1%          3
 Sigil of Binding         Hex            52%        N/A       1%          3
 Teleport Other           Tloc           52%        N/A       1%          3
 Tukima's Dance           Hex            52%        N/A       1%          3
 Airstrike                Air            23%        2d(4-20)  1%          4
 Cause Fear               Hex            26%        N/A       1%          4
 Dimensional Bullseye     Hex/Tloc       26%        N/A       1%          4
 Manifold Assault         Tloc           52%        N/A       1%          4
 Call Canine Familiar     Summ           29%        N/A       2%          3
 Foxfire                  Conj/Fire      72%        2x1d7     3%          1
 Magic Dart               Conj           72%        1d6       3%          1
 Necrotise                Necr           72%        1d7       3%          1
 Sting                    Conj/Alch      72%        1d7       3%          1
 Mephitic Cloud           Conj/Alch/Air  27%        N/A       3%          3
 Summon Lightning Spire   Summ/Air       38%        N/A       3%          4
 Stone Arrow              Conj/Erth      50%        3d10      4%          3
 Anguish                  Hex/Necr       18%        N/A       4%          4
 Iskenderun's Mystic Bla  Conj/Tloc      36%        2d9       4%          4
 Searing Ray              Conj           36%        2d5       5%          2
 Sublimation of Blood     Necr           18%        N/A       5%          2
 Summon Forest            Summ/Tloc      20%        N/A       7%          5
 Frozen Ramparts          Ice            36%        1d6       11%         3
 Fugue of the Fallen      Necr           18%        N/A       11%         3
 Hailstorm                Conj/Ice       18%        3d7       11%         3
 Ozocubu's Armour         Ice            18%        N/A       11%         3
 Brom's Barrelling Bould  Conj/Erth      25%        2d5       16%         4
 Petrify                  Alch/Erth      25%        N/A       16%         4
 Martyr's Knell           Necr/Summ      23%        N/A       19%         4
 Summon Blazeheart Golem  Fire/Summ      23%        N/A       19%         4
 Arcjolt                  Conj/Air       16%        1d26      19%         5
 Dispel Undead            Necr           18%        3d11      34%         4
 Fulminant Prism          Conj/Alch      9%         3d7       34%         4
 Olgreb's Toxic Radiance  Alch           18%        N/A       34%         4
 Freezing Cloud           Conj/Ice/Air   13%        6-21      34%         5
 Curse of Agony           Necr           18%        N/A       69%         5
 Fireball                 Conj/Fire      9%         3d6       69%         5
 Irradiate                Conj/Alch      9%         3d14      69%         5
 Iskenderun's Battlesphe  Conj           18%        2d7       69%         5
 Conjure Ball Lightning   Conj/Air       16%        3x3d6     71%         6
 Plasma Beam              Fire/Air       16%        2x1d27    71%         6
 Summon Cactus Giant      Summ           14%        N/A       82%         6
 Bombard                  Conj/Erth      12%        9d3       94%         6
 Death Channel            Necr           9%         N/A       99%         6
 Starburst                Conj/Fire      9%         6d5       99%         6
 Orb of Destruction       Conj           9%         9d6       100%        7
 Spellforged Servitor     Conj/Summ      11%        N/A       100%        7
 Ignition                 Fire           9%         3d5       100%        8
 Chain Lightning          Conj/Air       16%        3d21      100%        9
 Dragon's Call            Summ           14%        N/A       100%        9


Dungeon Overview and Level Annotations

Branches:
Dungeon (15/15)            Temple (1/1) D:4            Lair (5/5) D:8
 Shoals (4/4) Lair:2        Snake (4/4) Lair:2        Slime (5/5) Lair:4
    Orc (2/2) D:10            Elf (3/3) Orc:2        Vaults (5/5) D:13
  Crypt (3/3) Vaults:3       Tomb (0/3) Crypt:3      Depths (4/4) D:15
    Zot (5/5) Depths:4     WizLab (visited)

Altars:
Ashenzari
Cheibriados
Dithmenos
Elyvilon
Fedhas
Gozag
Hepliaklqana
Kikubaaqudgha
Makhleb
Nemelex Xobeh
Okawaru
Qazlal
Ru
Sif Muna
Trog
Uskayaw
Vehumet
Wu Jian
Xom
Yredelemnul
Zin
The Shining One
Jiyva

Shops:
D:14 (   Orc:2 ((:*:[   Elf:1 ?   Elf:3 =::[   Shoals:3 (   Snake:1 :!
Snake:3 =[[   Vaults:3 !

Portals:
Hell: Depths:1 Depths:2 Depths:3 Depths:4
Abyss: Depths:2 Depths:3
Pandemonium: Depths:2
Ziggurat: Depths:2
Trove: Elf:1 (give 5 scrolls of blinking)

Annotations:
D:9 exclusion: boulder beetle
Lair:5 1 exclusion
Shoals:3 exclusion: ice statue
Snake:4 1 runed translucent door, temujin's ghost, adept DjCj
Crypt:3 1 runed translucent door, Esecs's ghost, veteran GrEE
Depths:3 1 runed translucent door, exclusion: door
Depths:4 1 runed translucent door, exclusion: door, Viocziel's ghost, adept TrMo
Zot:5 1 runed translucent door, paavali's ghost, legendary FoFi


Innate Abilities, Weirdness & Mutations

You are very small and have problems with some larger weapons.
You are too small for most types of armour.
You have supernaturally acute eyesight. (SInv)
You cover ground extremely quickly. (Speed+++)
You are partially covered in large bone plates. (SH +4)
You are clumsy. (Dex -2)
You are dopey. (Int -2)


Message History

There is a stone staircase leading up here.
You climb upwards.
There is a stone staircase leading down here.
You see here 2 stones.
There is a stone staircase leading up, spattered with blood here.
You climb upwards.
There is a stone staircase leading down here. 2 hellwings come into view.
The hellwing moves out of view.
(D) Dungeon (T) Temple (L) Lair (A) Shoals (P) Snake Pit (M) Slime Pits (O) Orcish Mines (E) Elven Halls (V) Vaults (C) Crypt (W) Tomb (U) Depths (H) Hell (Z) Zot
Where to? (Tab/Enter - D:1 @ (x,y), ? - help)
A hellwing is nearby!
(D) Dungeon (T) Temple (L) Lair (A) Shoals (P) Snake Pit (M) Slime Pits (O) Orcish Mines (E) Elven Halls (V) Vaults (C) Crypt (W) Tomb (U) Depths (H) Hell (Z) Zot
Where to? (Tab/Enter - D:1 @ (x,y), ? - help)
An Orb Guardian comes into view.
Things that are here:
a +0 robe; a +2 halberd
Things that are here:
a +0 robe; a +3 falchion
There is a stone staircase leading up here.
You see here a +0 spear.
The Orb Guardian hits you but does no damage.
You climb upwards.
There is a stone staircase leading down, spattered with blood here.
(D) Dungeon (T) Temple (L) Lair (A) Shoals (P) Snake Pit (M) Slime Pits (O) Orcish Mines (E) Elven Halls (V) Vaults (C) Crypt (W) Tomb (U) Depths (H) Hell (Z) Zot
Where to? (Tab/Enter - D:1 @ (x,y), ? - help)
Items here: )) [[.
There is an open door here.
A Beniute and an orange demon come into view.
There is a stone staircase leading up here.
The orange demon screeches!
You climb upwards.
There is a stone staircase leading down here.
(D) Dungeon (T) Temple (L) Lair (A) Shoals (P) Snake Pit (M) Slime Pits (O) Orcish Mines (E) Elven Halls (V) Vaults (C) Crypt (W) Tomb (U) Depths (H) Hell (Z) Zot
Where to? (Tab/Enter - D:1 @ (x,y), ? - help)
You hear a grinding noise.
There is a stone staircase leading up here.
You hear a grinding noise.
You climb upwards.
There is a stone staircase leading down here.
There is an open door here.
Things that are here:
a +0 robe; a +0 dagger
There is a stone staircase leading up here.
You climb upwards.
There is a stone staircase leading down here.
You see here a +0 club.
There is a stone staircase leading up here.
You climb upwards.
There is a stone staircase leading down here.
An Ice Fiend comes into view.
Unknown command.
You shoot a bolt. The bolt hits the Ice Fiend!
The Ice Fiend is lightly wounded.
You shoot a bolt. The bolt hits the Ice Fiend!!!
The bolt burns the Ice Fiend!!
The Ice Fiend is almost dead.
You shoot a bolt. The bolt barely misses the Ice Fiend.
The Ice Fiend calls on the powers of darkness!
Your body is wracked with pain!
You are too injured to fight recklessly!
Fire: Z) +9 hand cannon (chaos)
Press: ? - help, Q - select action, (/) - cycle Shift-Dir - straight line, f/p - Ice Fiend
Aim: an Ice Fiend (severely wounded, 88% to hit)
You shoot a bolt. The bolt hits the Ice Fiend!!
You kill the Ice Fiend!
Fedhas accepts your kill.
(D) Dungeon (T) Temple (L) Lair (A) Shoals (P) Snake Pit (M) Slime Pits (O) Orcish Mines (E) Elven Halls (V) Vaults (C) Crypt (W) Tomb (U) Depths (H) Hell (Z) Zot
Where to? (Tab/Enter - D:1 @ (x,y), ? - help)
There is a stone staircase leading up here.
You climb upwards.
There is a stone staircase leading down here.
There is an open door here.
You see here a +0 short sword.
There is an open door here.
An Orb Guardian comes into view.
There is an open door here.
You shoot a bolt.
The bolt closely misses the Orb Guardian.
You shoot a bolt.
The bolt barely misses the Orb Guardian.
The Orb Guardian completely misses you.
Blink to where?
Press: ? - help, Dir - move target, p - Orb Guardian
As you read the scroll of blinking {@r4}, it crumbles to dust.
You have escaped!

##.###........############# #.#
#.........................###.###
...####..###############..#......
.....##'##.............##+###.###
#..###..........⌠..........######
#.##...⌠.§...X...........⌠...##..
###........⌠.........⌠........##.
.#.............................#.
##...⌠..........@..........⌠...#.
#........(....................#.
##........⌠.........⌠........##.
##...⌠.................⌠...##..
###..........⌠..........###.##
######.............#####....# #
##....#################.......
####.....####.###.....###.....>..
'.......................'........


You could see an Orb Guardian.

Vanquished Creatures
  Frederick (Crypt:2)
  Khufu (Crypt:1)
  A dread lich (Vaults:5)
  2 ancient liches (Vaults:5)
  Xtahua (Depths:3)
  2 royal mummies
  Boris (twice) (Crypt:2 Depths:1)
  Bai Suzhen (Vaults:4)
  A curse toe (Zot:5)
  A golden dragon (Vaults:5)
  A profane servitor (Crypt:3)
  A bone dragon (Crypt:3)
  2 doom hounds (Depths:3)
  An electric golem (Zot:1)
  An Ice Fiend (D:2)
  Grunn (Depths:3)
  4 tentacled monstrosities
  5 liches
  4 quicksilver dragons
  7 Orb Guardians (Zot:5)
  Jorgrun (D:15)
  3 deep elf master archers (Elf:3)
  2 titans (Vaults:5)
  2 deep elf blademasters (Elf:2)
  7 tentacled starspawn (Abyss:3)
  7 sphinxes
  7 ancient champions
  10 acid blobs
  Frances (Elf:1)
  A death cob (Zot:4)
  The ghost of Nys Cevy the Brawler, an adept TrFi of Qazlal (Snake:2)
  A kraken (Shoals:4)
  Kirke (Lair:5)
  Donald (Shoals:3)
  A storm dragon (Vaults:5)
  4 azure jellies
  6 shadow dragons
  4 rockslimes
  4 tengu reavers
  8 revenants
  5 nagarajas
  4 frost giants
  Ilsuiw (Shoals:4)
  4 draconian monks
  4 deep elf sorcerers (Elf:3)
  2 draconian knights
  2 draconian scorchers
  2 draconian shifters (Zot:1)
  3 iron dragons (Vaults:5)
  10 vault wardens
  A caustic shrike zombie (Crypt:3)
  3 curse skulls
  Louise (Elf:2)
  9 fire giants
  3 ghost moths
  A reaper (Crypt:3)
  A deep elf elementalist (Elf:2)
  2 spriggan defenders (Depths:3)
  2 draconian annihilators
  A broodmother (Slime:4)
  2 draconian stormcallers
  6 quicksilver oozes
  A ghoul (Crypt:3)
  5 formless jellyfish
  13 ironbound preservers
  A juggernaut skeleton (Depths:3)
  15 very ugly things
  11 ironbound thunderhulks
  4 deep elf demonologists
  19 stone giants
  5 vampire knights
  8 green draconians
  3 black draconians
  8 deep elf death magi
  4 yellow draconians
  2 purple draconians
  10 white draconians
  3 war gargoyles
  A spark wasp (Zot:1)
  14 deep elf annihilators
  3 red draconians
  16 dire elephants
  A lorocyproca (Abyss:3)
  A green death (Depths:2)
  11 merfolk impalers
  3 merfolk javelineers (Shoals:4)
  Snorg (D:11)
  15 ettins
  A mummy priest (Crypt:3)
  21 yaktaur captains
  5 eidola
  10 fire dragons
  Josephine (Lair:5)
  An entropy weaver (shapeshifter) (Elf:3)
  7 deep elf high priests (Elf:3)
  11 jiangshi
  An entropy weaver (Vaults:4)
  3 rakshasas
  4 ice dragons
  10 great orbs of eyes
  3 ogre magi
  4 salamander tyrants (Snake:4)
  19 vault guards
  3 hydras
  8 spriggan air magi
  3 merfolk aquamancers
  A radroach (Zot:1)
  7 ironbound frosthearts
  4 merfolk avatars
  2 sphinx zombies
  2 spriggan skeletons
  12 two-headed ogres
  2 catoblepae
  10 centaur warriors
  3 death knights
  7 anacondas
  9 naga warriors
  4 satyrs (Shoals:4)
  5 boulder beetles
  22 dancing weapons
  2 peacekeepers
  10 tengu warriors
  6 death yaks (Lair:2)
  8 deep troll shamans
  10 deep troll earth magi
  A bennu skeleton (Crypt:2)
  8 vampire magi
  A shock serpent (shapeshifter) (Vaults:5)
  17 naga sharpshooters
  2 orc high priests (Orc:2)
  4 thrashing horrors (Abyss:3)
  6 spriggan berserkers
  2 soul eaters
  2 occultists (Depths:2)
  4 shock serpents
  Nergalle (D:11)
  8 skysharks
  9 hell knights
  A titan skeleton (Depths:3)
  8 iron trolls
  16 deep elf knights
  A wretched star (Abyss:3)
  6 salamander mystics
  A sixfirhy (Abyss:3)
  4 glowing orange brains
  An anaconda zombie (Crypt:3)
  61 deep trolls
  A bunyip skeleton (Crypt:1)
  A golden dragon zombie (Depths:3)
  A spark wasp zombie (Depths:3)
  34 skeletal warriors
  12 sea snakes
  5 flayed ghosts
  16 mana vipers
  A bunyip zombie (Crypt:3)
  A deep troll (shapeshifter) (Vaults:5)
  7 naga ritualists
  10 arcanists
  An orb spider (shapeshifter) (Vaults:5)
  2 spriggan simulacra (Crypt:1)
  5 orc knights
  A steelbarb worm (shapeshifter) (Depths:2)
  8 deep elf archers
  4 lindwurms
  15 harpies
  A kraken simulacrum (Shoals:4)
  18 phantasmal warriors
  26 deep elf pyromancers
  Pikel (D:4)
  A fenstrider witch simulacrum (Crypt:3)
  9 necromancers
  A goliath frog zombie (Crypt:2)
  28 deep elf zephyrmancers
  14 ironbound convokers
  A wolf spider (Lair:5)
  A frost giant zombie (Vaults:4)
  5 shining eyes
  4 orc sorcerers
  A wolf spider (shapeshifter) (Vaults:5)
  10 manticores
  22 salamanders
  59 ugly things
  11 cyclopes
  A worldbinder (Abyss:3)
  9 moths of wrath
  3 elephants (Lair:4)
  A stone giant skeleton (Vaults:1)
  A meliai (shapeshifter) (D:13)
  9 merfolk sirens
  A jorogumo skeleton (Crypt:1)
  A gargoyle (D:11)
  2 kobold blastminers (Orc:1)
  A rust devil (Depths:2)
  2 smoke demons (Abyss:3)
  4 orange demons (D:14)
  48 black mambas
  18 vault sentinels
  16 naga magi
  2 fire giant skeletons
  3 guardian serpents
  A centaur skeleton (Crypt:2)
  A water nymph (Shoals:2)
  33 yaktaurs
  A pale draconian zombie (Crypt:3)
  17 cane toads
  2 efreet
  A hellion (Depths:2)
  2 unseen horrors (Abyss:3)
  An unseen horror zombie (Crypt:1)
  A grey draconian zombie (Crypt:1)
  4 rime drakes
  An ancient zyme (Abyss:3)
  A mana viper skeleton (Crypt:3)
  9 komodo dragons
  A grey draconian skeleton (Crypt:3)
  A komodo dragon (shapeshifter) (Vaults:5)
  A minotaur skeleton (Crypt:2)
  A tengu conjurer (Depths:3)
  8 guardian mummies (Crypt:3)
  Psyche (D:11)
  A harpy zombie (Crypt:2)
  3 freezing wraiths
  4 red devils (D:14)
  A great orb of eyes zombie (Crypt:2)
  34 merfolk
  A polar bear (Lair:1)
  Grinder (D:6)
  12 wind drakes
  7 hornets
  A merfolk (shapeshifter) (Vaults:5)
  9 trolls
  A sun moth zombie (Crypt:2)
  A hydra skeleton (Crypt:2)
  18 blink frogs
  3 harpy skeletons
  14 snapping turtles
  A glass eye (shapeshifter) (Depths:2)
  2 glass eyes
  A frost giant simulacrum (Vaults:4)
  A fire dragon zombie (Crypt:2)
  3 air elementals
  A shadow (D:12)
  A spriggan (Depths:3)
  8 wraiths
  A yak (shapeshifter) (Depths:2)
  An ettin skeleton (Vaults:4)
  78 slime creatures
  8 water elementals
  Eustachio (D:6)
  7 golden eyes
  4 basilisks
  2 fire elementals (Elf:1)
  39 yaks
  4 hogs (Lair:5)
  16 wyverns
  2 steam dragons
  A golden eye (shapeshifter) (D:14)
  2 ushabtiu (Crypt:3)
  2 redbacks
  2 neqoxecs (Abyss:3)
  Edmund (D:5)
  4 vampire mosquitoes (D:13)
  3 small abominations (Abyss:3)
  54 nagas
  An entropy weaver zombie (Crypt:3)
  A glowing shapeshifter zombie (Depths:2)
  A naga zombie (Crypt:2)
  3 acid dragons
  35 water moccasins
  A glowing shapeshifter skeleton (Crypt:3)
  A water nymph skeleton (Crypt:1)
  14 orc warriors
  4 black bears
  2 elf zombies
  A cane toad skeleton (Crypt:3)
  A swamp drake (Lair:5)
  3 ice beasts
  An ice beast (shapeshifter) (Elf:2)
  17 laughing skulls
  2 sky beasts
  3 ogres (Orc:2)
  5 boggarts (Vaults:1)
  2 wolves
  15 centaurs
  2 phantoms (D:5)
  A weeping skull (Abyss:3)
  A kobold brigand (D:9)
  An earth elemental (Elf:1)
  11 bullfrogs
  2 gnoll sergeants
  A brain worm (Abyss:3)
  3 scorpions
  A glowing shapeshifter simulacrum (Depths:2)
  3 wights (D:7)
  2 human skeletons
  A burial acolyte (Crypt:2)
  A human simulacrum (Vaults:1)
  12 killer bees
  2 troll skeletons
  A yak skeleton (Crypt:3)
  A howler monkey (D:10)
  A bombardier beetle (D:6)
  2 centaur zombies (Crypt:2)
  3 hounds
  3 gnoll boudas
  5 jellies
  12 orc priests
  A sleepcap (D:4)
  Crazy Yiuf (D:4)
  4 hell rats (Lair:5)
  4 iguanas
  20 orc wizards
  A crocodile skeleton (Crypt:1)
  A mummy (Crypt:2)
  Robin (D:4)
  21 gnolls
  10 adders
  A shadow imp (D:6)
  2 white imps
  2 ufetubi (D:6)
  46 orcs
  7 ball pythons
  8 endoplasms
  A giant cockroach (D:1)
  10 goblins
  16 hobgoblins
  7 jackals
  4 quokkas
  A river rat zombie (Crypt:1)
  3 training dummies (Orc:2)
  2 bats
  An endoplasm zombie (Crypt:3)
  2 frilled lizards
  A frilled lizard skeleton (Crypt:3)
  A goblin skeleton (Crypt:3)
  12 kobolds
  6 rats
  A lurking horror (Abyss:3)
  6 starspawn tentacles (Abyss:3)
  2 tentacles (Shoals:4)
2064 creatures vanquished.

Vanquished Creatures (collateral kills)
  An ancient lich (Vaults:5)
  2 titans (Vaults:5)
  A lich (Vaults:5)
  2 deep elf blademasters
  2 storm dragons (Vaults:5)
  2 vault wardens (Vaults:1)
  A protean progenitor (Zot:1)
  A very ugly thing (Depths:4)
  4 ironbound preservers
  A stone giant (Vaults:5)
  A deep elf annihilator (Elf:3)
  A white draconian (Zot:3)
  2 purple draconians (Zot:3)
  2 ettins
  A deep elf high priest (Elf:3)
  2 yaktaur captains (Vaults:5)
  8 vault guards (Vaults:5)
  A deep troll (Vaults:3)
  A death drake (shapeshifter) (Vaults:5)
  An ironbound convoker (Vaults:5)
  A necromancer (Depths:2)
  5 ugly things (Depths:1)
  2 moths of wrath (Zot:3)
  A guardian serpent (Lair:5)
  2 vault sentinels (Vaults:5)
  A komodo dragon (Lair:2)
  A hornet (Lair:5)
  2 slime creatures (Slime:2)
  A wraith (Lair:5)
  43 ballistomycete spores
96 creatures vanquished.

Vanquished Creatures (others)
  A caustic shrike (Depths:4)
  2 liches
  A quicksilver dragon (Zot:1)
  An ancient champion (Crypt:3)
  2 fire giants
  A draconian stormcaller (Zot:4)
  A very ugly thing (Depths:1)
  A black draconian (Zot:1)
  A red draconian (Zot:4)
  2 mummy priests (Crypt:3)
  An ironbound frostheart (Vaults:2)
  2 deep elf knights (Elf:2)
  A deep elf zephyrmancer (Elf:2)
  An ugly thing (Vaults:4)
  2 moths of wrath (Zot:1)
  An ugly thing zombie (Depths:2)
  A vault sentinel (Vaults:1)
  An eye of devastation (shapeshifter) (Vaults:5)
  A human zombie (Vaults:3)
  An air elemental (Zot:1)
  A deep troll zombie (Depths:4)
  A bullfrog (Lair:1)
  A sleepcap (D:7)
  2 orcs
  4 ballistomycete spores
  17 starspawn tentacles (Abyss:3)
  14 tentacles (Shoals:4)
65 creatures vanquished.

Grand Total: 2225 creatures vanquished

Notes
Turn   | Place    | Note
-------+----------+-------------------------------------------
     0 | D:1      | EnegeticOcto the Spriggan Summoner began the quest for the
                  | Orb.
     0 | D:1      | Reached XP level 1. HP: 9/9 MP: 5/5
    74 | D:1      | Reached skill level 1 in Ranged Weapons
   233 | D:1      | Reached XP level 2. HP: 13/13 MP: 6/6
   382 | D:1      | Reached skill level 2 in Ranged Weapons
   596 | D:1      | Reached XP level 3. HP: 16/16 MP: 8/8
   964 | D:2      | Reached skill level 3 in Ranged Weapons
  1566 | D:3      | Reached skill level 1 in Shapeshifting
  1566 | D:3      | Reached XP level 4. HP: 21/21 MP: 9/9
  1571 | D:3      | Reached skill level 3 in Dodging
  1581 | D:3      | Found a sacrificial altar of Ru.
  1902 | D:3      | Found a faded altar of an unknown god.
  1928 | D:3      | Found a basalt altar of Yredelemnul.
  2184 | D:4      | Found a runed translucent door.
  2185 | D:4      | Noticed Crazy Yiuf
  2215 | D:4      | Killed Crazy Yiuf
  2216 | D:4      | Reached skill level 3 in Spellcasting
  2216 | D:4      | Reached XP level 5. HP: 24/24 MP: 10/10
  2329 | D:4      | Noticed a lemure
  2448 | D:4      | Noticed Robin
  2454 | D:4      | Killed Robin
  2470 | D:4      | Reached skill level 4 in Ranged Weapons
  2494 | D:4      | Noticed Pikel
  2496 | D:4      | Noticed a lemure
  2537 | D:4      | Paralysed by Pikel for 2 turns
  2569 | D:4      | Killed Pikel
  2570 | D:4      | Reached skill level 2 in Fighting
  2570 | D:4      | Reached skill level 5 in Ranged Weapons
  2570 | D:4      | Reached skill level 5 in Dodging
  2570 | D:4      | Reached skill level 4 in Spellcasting
  2570 | D:4      | Reached XP level 6. HP: 30/30 MP: 11/13
  2570 | D:4      | Reached XP level 7. HP: 35/35 MP: 11/14
  2648 | D:4      | Found an ancient bone altar of Kikubaaqudgha.
  2676 | D:4      | Found a staircase to the Ecumenical Temple.
  2688 | Temple   | Entered the Ecumenical Temple
  2719 | Temple   | Became a worshipper of Fedhas Madash
  2890 | D:4      | Found a burning altar of Makhleb.
  2890 | D:4      | Found a glowing silver altar of Zin.
  2890 | D:4      | Found an ornate altar of the Wu Jian Council.
  3312 | D:5      | Entered Level 5 of the Dungeon
  3314 | D:5      | Gained mutation: Your natural rate of healing is unusually
                  | fast. [potion of mutation]
  3314 | D:5      | Gained mutation: Armour fits poorly on your strangely
                  | shaped body. [potion of mutation]
  3456 | D:5      | Reached skill level 6 in Ranged Weapons
  3456 | D:5      | Reached skill level 5 in Spellcasting
  3590 | D:5      | Reached XP level 8. HP: 39/39 MP: 14/16
  3709 | D:5      | Reached skill level 6 in Dodging
  3764 | D:5      | Found a shadowy altar of Dithmenos.
  3824 | D:5      | Reached skill level 3 in Fighting
  3864 | D:5      | Noticed Edmund
  3962 | D:5      | Killed Edmund
  4079 | D:5      | Reached skill level 7 in Ranged Weapons
  4082 | D:5      | Reached * piety under Fedhas
  4341 | D:5      | Reached skill level 6 in Spellcasting
  4751 | D:6      | Reached skill level 7 in Dodging
  4816 | D:6      | Found a glowing golden altar of the Shining One.
  4911 | D:6      | Reached XP level 9. HP: 45/45 MP: 19/19
  5026 | D:6      | Found a stormy altar of Qazlal.
  5118 | D:6      | Noticed Eustachio
  5139 | D:6      | Killed Eustachio
  5198 | D:6      | Reached skill level 8 in Ranged Weapons
  5215 | D:6      | Noticed Grinder
  5221 | D:6      | Paralysed by Grinder for 2 turns
  5235 | D:6      | Paralysed by Grinder for 5 turns
  5242 | D:6      | Killed Grinder
  5243 | D:6      | Reached skill level 4 in Fighting
  5521 | D:7      | Found a shimmering altar of Xom.
  5542 | D:7      | Reached skill level 7 in Spellcasting
  5600 | D:7      | Reached ** piety under Fedhas
  5791 | D:7      | Reached skill level 8 in Dodging
  5849 | D:7      | Reached skill level 9 in Ranged Weapons
  5928 | D:7      | Lost mutation: Armour fits poorly on your strangely shaped
                  | body. [potion of mutation]
  5928 | D:7      | Lost mutation: Your natural rate of healing is unusually
                  | fast. [potion of mutation]
  5928 | D:7      | Gained mutation: You are partially covered in large bone
                  | plates. (SH +4) [potion of mutation]
  6356 | D:7      | Found a hazy altar of Hepliaklqana.
  6587 | D:7      | Reached XP level 10. HP: 51/51 MP: 22/22
  6645 | D:7      | Reached *** piety under Fedhas
  6646 | D:7      | Reached skill level 5 in Fighting
  6646 | D:7      | Reached skill level 8 in Spellcasting
  6903 | D:8      | Reached skill level 9 in Dodging
  6903 | D:8      | Reached skill level 1 in Evocations
  6917 | D:8      | Found a staircase to the Lair.
  6934 | D:8      | Reached skill level 1 in Invocations
  7077 | D:8      | Reached skill level 10 in Ranged Weapons
  7111 | D:8      | Reached skill level 2 in Evocations
  7158 | D:8      | Found a broken altar of Ashenzari.
  7378 | D:8      | Reached skill level 2 in Invocations
  7526 | D:9      | Found a bloodstained altar of Trog.
  7621 | D:9      | Identified the +8 dagger "Eplug" {spect, rCorr}
  7764 | D:9      | Reached **** piety under Fedhas
  7768 | D:9      | Reached skill level 3 in Evocations
  7859 | D:9      | Noticed a boulder beetle
  7997 | D:10     | Entered Level 10 of the Dungeon
  8250 | D:9      | Reached skill level 9 in Spellcasting
  8250 | D:9      | Reached skill level 3 in Invocations
  8250 | D:9      | Reached skill level 4 in Evocations
  8258 | D:9      | Reached skill level 10 in Dodging
  8368 | D:9      | Reached XP level 11. HP: 55/55 MP: 25/25
  8699 | D:10     | You fall into a shaft and drop 1 floor!
  8708 | D:11     | Identified a scroll of acquirement
  8709 | D:11     | Acquired 990 gold pieces
  8856 | D:10     | Reached skill level 11 in Ranged Weapons
  8860 | D:10     | Found a staircase to the Orcish Mines.
  9729 | Lair:1   | Entered Level 1 of the Lair of Beasts
  9736 | D:8      | Reached skill level 5 in Evocations
  9922 | Lair:1   | Reached skill level 4 in Invocations
 10096 | Lair:1   | Noticed a seven-headed hydra
 10162 | Lair:1   | Killed a seven-headed hydra
 10195 | Lair:1   | Found the +1 robe of Vines {NoPotionHeal Regen++++}
 10197 | Lair:1   | Noticed an oklob plant
 10227 | Lair:1   | Noticed a seven-headed hydra
 10261 | Lair:1   | Killed a seven-headed hydra
 10262 | Lair:1   | Reached skill level 6 in Evocations
 10291 | Lair:1   | Noticed a catoblepas
 10375 | Lair:1   | Killed a catoblepas
 10376 | Lair:1   | Reached skill level 12 in Ranged Weapons
 10376 | Lair:1   | Reached skill level 10 in Spellcasting
 10376 | Lair:1   | Reached skill level 5 in Invocations
 10610 | Lair:1   | Reached ***** piety under Fedhas
 11073 | Lair:2   | Reached XP level 12. HP: 59/60 MP: 5/27
 11238 | Lair:2   | Reached skill level 6 in Invocations
 11267 | Lair:2   | Reached skill level 13 in Ranged Weapons
 11287 | Lair:2   | Reached skill level 11 in Spellcasting
 11586 | Lair:2   | Noticed a death yak
 11586 | Lair:2   | Noticed a death yak
 11587 | Lair:2   | Noticed a death yak
 11587 | Lair:2   | Noticed a death yak
 11592 | Lair:2   | Noticed a death yak
 11606 | Lair:2   | Noticed a death yak
 11615 | Lair:2   | Killed a death yak
 11640 | Lair:2   | Killed a death yak
 11653 | Lair:2   | Killed a death yak
 11654 | Lair:2   | Reached skill level 7 in Invocations
 11695 | Lair:2   | Killed a death yak
 11715 | Lair:2   | Killed a death yak
 11745 | Lair:2   | Killed a death yak
 11746 | Lair:2   | Reached skill level 14 in Ranged Weapons
 12067 | Lair:2   | Found a staircase to the Shoals.
 12379 | Lair:2   | Reached skill level 12 in Spellcasting
 12450 | Lair:2   | Found a staircase to the Snake Pit.
 13488 | Lair:3   | Noticed a catoblepas
 13518 | Lair:3   | Killed a catoblepas
 13686 | Lair:4   | Reached skill level 8 in Invocations
 13686 | Lair:4   | Reached XP level 13. HP: 63/63 MP: 30/30
 13914 | Lair:4   | Found a staircase to the Slime Pits.
 14301 | Lair:4   | Reached skill level 15 in Ranged Weapons
 14425 | Lair:4   | Found a glowing silver altar of Zin.
 14683 | Lair:5   | Entered Level 5 of the Lair of Beasts
 14886 | Lair:5   | Noticed Josephine
 14916 | Lair:5   | Killed Josephine
 15011 | Lair:5   | Reached skill level 11 in Dodging
 15202 | Lair:5   | Reached skill level 6 in Fighting
 15733 | Lair:5   | Reached skill level 9 in Invocations
 15815 | Lair:5   | Reached skill level 13 in Spellcasting
 15983 | Lair:5   | Reached ****** piety under Fedhas
 16284 | Lair:5   | Noticed Kirke
 16313 | Lair:5   | Killed Kirke
 16314 | Lair:5   | Reached XP level 14. HP: 53/70 MP: 23/32
 17171 | D:10     | Reached skill level 16 in Ranged Weapons
 17182 | D:11     | Noticed Nergalle
 17314 | D:11     | Killed Nergalle
 17468 | D:11     | Noticed Snorg
 17471 | D:11     | Noticed Psyche
 17484 | D:11     | Killed Snorg
 17485 | D:11     | Reached skill level 12 in Dodging
 17486 | D:11     | Killed Psyche
 17542 | D:11     | Identified the +6 hand axe of the Uplifting Gods {speed,
                  | rPois Will++ MP+9 Int+3 Dex-5}
 18304 | Orc:1    | Entered Level 1 of the Orcish Mines
 18507 | Orc:2    | Entered Level 2 of the Orcish Mines
 18826 | Orc:2    | Found Huupyn's Book Shoppe.
 19397 | Orc:2    | Found Xurithia's Antique Weapon Shop.
 19430 | Orc:2    | Reached skill level 7 in Fighting
 19640 | Orc:2    | Noticed a stone giant
 19653 | Orc:2    | Killed a stone giant
 19664 | Orc:2    | Found Jephugob's Antique Armour Emporium.
 19726 | Orc:2    | Reached skill level 10 in Invocations
 19826 | Orc:2    | Found Jiqom's Book Boutique.
 19830 | Orc:2    | Found Zim Faong's General Store.
 19858 | Orc:2    | Bought a scroll of teleportation for 48 gold pieces
 19858 | Orc:2    | Bought a wand of iceblast (3) for 115 gold pieces
 19858 | Orc:2    | Bought a potion of enlightenment for 80 gold pieces
 19929 | Orc:2    | Found Exkoaci's Firing Range.
 19935 | Orc:2    | Bought a +0 antimagic hand cannon for 162 gold pieces
 19966 | Orc:2    | Bought a throwing net for 39 gold pieces
 20053 | Orc:2    | Found a staircase to the Elven Halls.
 21087 | D:13     | Reached skill level 13 in Dodging
 21099 | D:13     | Reached skill level 14 in Spellcasting
 21535 | D:13     | Found a burning altar of Makhleb.
 21587 | D:13     | Reached skill level 17 in Ranged Weapons
 21587 | D:13     | Reached skill level 1 in Shields
 21637 | D:13     | Reached XP level 15. HP: 74/75 MP: 28/34
 21827 | D:13     | Found a gate to the Vaults.
 22273 | D:14     | Found Vakuaxza's Antique Weapon Boutique.
 22750 | D:14     | Reached skill level 2 in Shields
 23401 | D:14     | Reached skill level 8 in Fighting
 23466 | D:15     | Entered Level 15 of the Dungeon
 23500 | D:15     | Noticed Jorgrun
 23547 | D:15     | Killed Jorgrun
 24252 | D:15     | Reached skill level 14 in Dodging
 24274 | D:15     | Found a staircase to the Depths.
 24441 | D:15     | Reached skill level 3 in Shields
 24679 | D:15     | Reached skill level 11 in Invocations
 25410 | Shoals:1 | Entered Level 1 of the Shoals
 25656 | Shoals:1 | Reached skill level 18 in Ranged Weapons
 25656 | Shoals:1 | Reached XP level 16. HP: 72/82 MP: 21/35
 25970 | Shoals:1 | Reached skill level 15 in Spellcasting
 26519 | Shoals:2 | Identified the +6 rapier "Viumyttomoi" {flame, rN+ Will+
                  | Int+5}
 26772 | Shoals:2 | You are sucked into a shaft and drop 1 floor!
 26877 | Shoals:3 | Identified the +0 scale mail of the Zebra {+Blink rF+
                  | Regen+ Str-4}
 27206 | Shoals:1 | Reached skill level 4 in Shields
 28215 | Shoals:3 | Found Mooreis's Weapon Shoppe.
 28400 | Shoals:3 | Noticed Donald
 28520 | Shoals:3 | Reached skill level 9 in Fighting
 28716 | Shoals:4 | Entered Level 4 of the Shoals
 28783 | Shoals:3 | Killed Donald
 29404 | Shoals:3 | Reached skill level 15 in Dodging
 31241 | Shoals:4 | Identified the +4 orcbow of Uguitaiva {flame, Int+3}
 31282 | Shoals:4 | Noticed Ilsuiw
 31323 | Shoals:4 | Killed Ilsuiw
 31671 | Shoals:4 | Reached XP level 17. HP: 88/88 MP: 18/37
 31861 | Shoals:4 | Noticed a kraken
 31897 | Shoals:4 | Killed a kraken
 31898 | Shoals:4 | Reached skill level 5 in Shields
 32013 | Shoals:4 | Reached skill level 12 in Invocations
 32149 | Shoals:4 | Reached skill level 19 in Ranged Weapons
 32155 | Shoals:4 | Got a barnacled rune of Zot
 32423 | Snake:1  | Entered Level 1 of the Snake Pit
 32648 | Snake:1  | Found Xytub's Book Shoppe.
 32842 | Snake:1  | Found Cakyckam's Distillery.
 32848 | Snake:1  | Bought a potion of curing for 33 gold pieces
 32848 | Snake:1  | Bought a potion of heal wounds for 55 gold pieces
 32848 | Snake:1  | Bought a potion of curing for 33 gold pieces
 32848 | Snake:1  | Bought a potion of invisibility for 88 gold pieces
 33219 | Snake:1  | Reached skill level 16 in Spellcasting
 34206 | Snake:1  | Reached skill level 16 in Dodging
 34914 | Snake:2  | Reached skill level 10 in Fighting
 35213 | Snake:2  | Found a runed translucent door.
 35217 | Snake:2  | Noticed Nys Cevy's ghost (adept TrFi)
 35950 | Snake:2  | Killed Nys Cevy's ghost
 35978 | Snake:2  | Identified the +5 eveningstar of Doom {holy, Will+ rCorr
                  | Str+2}
 36009 | Snake:3  | Found Ketheohu's Jewellery Shop.
 36009 | Snake:3  | Found Vakimug's Antique Armour Shoppe.
 36070 | Snake:2  | Reached skill level 6 in Shields
 36821 | Snake:3  | Found Ilias's Armour Emporium.
 36828 | Snake:3  | Bought a +1 hat for 154 gold pieces
 36876 | Snake:3  | Reached skill level 20 in Ranged Weapons
 36989 | Snake:3  | Reached XP level 18. HP: 89/95 MP: 21/39
 37384 | Snake:4  | Entered Level 4 of the Snake Pit
 37448 | Snake:4  | Found a runed translucent door.
 37453 | Snake:4  | Noticed temujin's ghost (adept DjCj)
 37825 | Snake:4  | Reached skill level 17 in Spellcasting
 37829 | Snake:4  | Reached skill level 17 in Dodging
 38889 | Snake:4  | Reached skill level 7 in Shields
 40017 | Snake:4  | Got a serpentine rune of Zot
 41280 | Elf:1    | Entered Level 1 of the Elven Halls
 41343 | Elf:1    | Reached skill level 11 in Fighting
 41951 | Elf:1    | You fall into a shaft and drop 1 floor!
 42240 | Elf:2    | Paralysed by an air elemental for 1 turns
 42262 | Elf:2    | Reached skill level 7 in Evocations
 42444 | Elf:2    | Identified the +9 war axe of Xeonereff {vamp, rN++ Will+}
 42839 | Elf:2    | Found a runed translucent gate.
 42840 | Elf:2    | Found a runed translucent gate.
 42840 | Elf:2    | Found a runed translucent gate.
 42922 | Elf:2    | Noticed Louise
 43153 | Elf:2    | Reached skill level 18 in Dodging
 44173 | Elf:2    | Reached skill level 8 in Evocations
 44182 | Elf:2    | Killed Louise
 44222 | Elf:2    | Reached XP level 19. HP: 100/100 MP: 41/41
 44416 | Elf:2    | Reached skill level 18 in Spellcasting
 44863 | Elf:1    | Noticed Frances
 44870 | Elf:1    | Killed Frances
 44893 | Elf:1    | Found a portal to a secret trove of treasure.
 44929 | Elf:1    | Reached skill level 8 in Shields
 44942 | Elf:1    | Found a radiant altar of Vehumet.
 45093 | Elf:1    | Got the Catalogue of Injury
 45126 | Elf:1    | Found Kiqacoi's Magic Scroll Shoppe.
 45135 | Elf:1    | Bought a scroll of blinking for 120 gold pieces
 45135 | Elf:1    | Bought a scroll of enchant weapon for 120 gold pieces
 45135 | Elf:1    | Bought a scroll of teleportation for 48 gold pieces
 45135 | Elf:1    | Bought a scroll of teleportation for 48 gold pieces
 45135 | Elf:1    | Bought a scroll of teleportation for 48 gold pieces
 45157 | Elf:1    | Paralysed by an air elemental for 1 turns
 45541 | Elf:3    | Entered Level 3 of the Elven Halls
 45548 | Elf:3    | Found Ytoif's Antique Armour Boutique.
 45598 | Elf:3    | Bought a glowing cloak for 180 gold pieces
 45613 | Elf:3    | Bought an ichor-stained robe for 136 gold pieces
 45613 | Elf:3    | Identified the +1 robe of the Present {rCorr Str+3 Int-3
                  | Dex+5} (You bought it in a shop on level 3 of the Elven
                  | Halls)
 46243 | Elf:3    | Reached skill level 9 in Evocations
 46665 | Elf:3    | Found Zykipremn's Book Shoppe.
 46666 | Elf:3    | Found Cuyvub's Jewellery Boutique.
 46667 | Elf:3    | Found Dasionon's Book Shoppe.
 46741 | Elf:3    | Identified the +9 scimitar of the Shining Light {flame,
                  | rF+}
 46741 | Elf:3    | Identified the +2 leather armour of the Moon {Str+3}
 47098 | Elf:3    | Identified the +1 quick blade "Duveorun" {venom, Str+2}
 48223 | Elf:3    | Identified the +5 rapier of Domination {heavy, Will- rCorr
                  | Dex+2}
 48863 | Elf:3    | Reached skill level 12 in Fighting
 49125 | Elf:3    | Reached skill level 10 in Evocations
 49410 | Elf:3    | Identified the +11 whip of the Squeaky God {vamp, rElec rF+
                  | Will+}
 49453 | Elf:3    | Reached skill level 19 in Dodging
 49672 | Elf:3    | Got the Omnibus of the Transmuted Glacier
 49678 | Elf:3    | Got the Compilation of Conjuration
 49686 | Elf:3    | Identified the staff "Mutaxtua" {rElec rPois rC- Int-2 Air
                  | Earth}
 49690 | Elf:3    | Identified the maw talisman of the Vaults {MP+9 Int+5}
 49720 | Elf:3    | Got The Joy of Casting
 49826 | Elf:3    | Bought the ring "Tisuemymm" {rC+ Str+6 Int+3 Dex+4} for 841
                  | gold pieces
 49853 | Elf:3    | Identified the +0 leather armour of Caim {Will++ Str+3
                  | Dex-2}
 50091 | Vaults:1 | Entered Level 1 of the Vaults
 50168 | Vaults:1 | Identified the +1 chain mail of the Storm King {^Contam
                  | rCorr Str+2}
 50468 | Vaults:1 | Identified the +1 robe of the Harvest {Int+3}
 50471 | Vaults:1 | Identified the +3 quarterstaff of Unreason {flame, rElec
                  | MP-9 Int+3}
 50796 | Vaults:1 | Reached skill level 4 in Stealth
 50909 | Vaults:1 | Reached XP level 20. HP: 107/107 MP: 43/43
 51022 | Vaults:1 | Reached skill level 9 in Shields
 51084 | Vaults:1 | Reached skill level 11 in Evocations
 51120 | Vaults:1 | Reached skill level 19 in Spellcasting
 51462 | Vaults:1 | Reached skill level 5 in Stealth
 52299 | Vaults:2 | Reached skill level 6 in Stealth
 53099 | Vaults:3 | Reached skill level 7 in Stealth
 53342 | Vaults:3 | Reached skill level 12 in Evocations
 53424 | Vaults:3 | Found Kererph's Distillery.
 53495 | Vaults:3 | Bought a potion of haste for 140 gold pieces
 53495 | Vaults:3 | Bought a potion of resistance for 140 gold pieces
 53495 | Vaults:3 | Bought 2 potions of magic for 224 gold pieces
 53495 | Vaults:3 | Bought a potion of heal wounds for 70 gold pieces
 53495 | Vaults:3 | Bought a potion of curing for 42 gold pieces
 53575 | Vaults:3 | Reached skill level 20 in Dodging
 53606 | Vaults:3 | Reached skill level 8 in Stealth
 54018 | Vaults:3 | Found a staircase to the Crypt.
 54213 | Vaults:3 | Reached skill level 13 in Fighting
 54336 | Vaults:3 | Reached skill level 13 in Invocations
 54767 | Vaults:4 | Reached XP level 21. HP: 113/113 MP: 45/45
 54786 | Vaults:4 | Reached skill level 9 in Stealth
 55307 | Vaults:4 | Reached skill level 13 in Evocations
 55437 | Vaults:4 | Noticed Bai Suzhen
 55490 | Vaults:4 | Killed Bai Suzhen
 55491 | Vaults:4 | Reached skill level 10 in Stealth
 55491 | Vaults:4 | Reached skill level 10 in Shields
 55635 | Vaults:4 | Reached skill level 20 in Spellcasting
 56095 | Vaults:4 | Learned a level 1 spell: Apportation
 56145 | Vaults:5 | Entered Level 5 of the Vaults
 56243 | Crypt:1  | Entered Level 1 of the Crypt
 56552 | Crypt:1  | Reached skill level 1 in Translocations
 56877 | Crypt:1  | Reached skill level 2 in Translocations
 56997 | Crypt:1  | Reached skill level 3 in Translocations
 57482 | Crypt:1  | Reached skill level 4 in Translocations
 57749 | Crypt:2  | Noticed Khufu
 57749 | Crypt:2  | Noticed a royal mummy
 57766 | Crypt:1  | Killed a royal mummy
 57842 | Crypt:2  | Noticed a royal mummy
 57851 | Crypt:1  | Killed Khufu
 57852 | Crypt:1  | Reached skill level 14 in Invocations
 58039 | Crypt:2  | Killed a royal mummy
 58460 | Crypt:2  | Reached skill level 14 in Fighting
 58615 | Crypt:2  | Found an ancient bone altar of Kikubaaqudgha.
 58736 | Crypt:2  | Identified the orb "Romug" {*channel, -Tele Int+5}
 58736 | Crypt:2  | Noticed Frederick
 58744 | Crypt:2  | Killed Frederick
 58966 | Crypt:2  | Noticed Boris
 58987 | Crypt:2  | Killed Boris
 59203 | Crypt:3  | Entered Level 3 of the Crypt
 59254 | Crypt:2  | Reached skill level 15 in Invocations
 60014 | Crypt:3  | Found a runed translucent door.
 60021 | Crypt:3  | Noticed Esecs's ghost (veteran GrEE)
 60046 | Crypt:3  | Reached XP level 22. HP: 121/121 MP: 47/47
 60057 | Crypt:3  | Reached skill level 1 in Hexes
 60060 | Crypt:3  | Reached skill level 1 in Air Magic
 60130 | Crypt:3  | Reached skill level 2 in Hexes
 60337 | Crypt:3  | Reached skill level 2 in Air Magic
 60354 | Crypt:3  | Found a staircase to the Tomb.
 60440 | Crypt:3  | Reached skill level 3 in Hexes
 60664 | Crypt:3  | Reached skill level 15 in Fighting
 60664 | Crypt:3  | Reached skill level 4 in Hexes
 60668 | Crypt:3  | Reached skill level 3 in Air Magic
 61114 | Crypt:3  | Reached skill level 5 in Hexes
 61131 | Crypt:3  | Identified the ring "Boivaced" {rC++ rN+ Str+2 Int-2}
 61328 | Crypt:3  | Identified the ring "Xegoa" {rN+ Dex+3}
 61343 | Crypt:3  | Reached skill level 4 in Air Magic
 61392 | Crypt:3  | Found an ancient bone altar of Kikubaaqudgha.
 61400 | Crypt:3  | Found a basalt altar of Yredelemnul.
 61448 | Crypt:3  | Identified the ring "Dop Ruec" {rPois rN+}
 62166 | Slime:1  | Entered Level 1 of the Pits of Slime
 62198 | Lair:4   | Reached skill level 6 in Hexes
 62838 | Slime:2  | Reached skill level 5 in Air Magic
 62878 | Slime:2  | Gained mutation: You are clumsy. (Dex -2) [a shining eye]
 62894 | Slime:2  | Reached skill level 7 in Hexes
 63924 | Slime:3  | Reached skill level 6 in Air Magic
 64263 | Slime:4  | Reached skill level 8 in Hexes
 64838 | Slime:5  | Entered Level 5 of the Pits of Slime
 64858 | Slime:5  | Identified the amulet of Doekhl Hunk {RegenMP Harm ^Drain
                  | Str+3 SInv}
 64865 | Slime:5  | Identified the +3 plate armour of Nihoc {+Blink rElec
                  | Will++ Slay-3}
 64873 | Slime:5  | Got Ipyeppy's Octavo of the Dislocated Evil Eye
 64873 | Slime:5  | Got a slimy rune of Zot
 64881 | Slime:5  | Found a viscous altar of Jiyva.
 64889 | Slime:5  | Identified the +0 fire dragon scales "Yseutwen" {rPois rF++
                  | rC- rN+}
 64913 | Slime:5  | Identified the +1 robe of Cheibriados {rF++ Int+3}
 65331 | Depths:1 | Entered Level 1 of the Depths
 65331 | Depths:1 | Noticed Boris
 65532 | Orc:2    | Bought a book of the Senses for 640 gold pieces
 65581 | Orc:2    | Bought a book of the Hunter for 338 gold pieces
 65581 | Orc:2    | Bought a manual of Translocations for 1040 gold pieces
 65581 | Orc:2    | Bought a book of Minor Magic for 208 gold pieces
 65584 | Orc:2    | Learned a level 2 spell: Blink
 65589 | Orc:2    | Learned a level 4 spell: Vhi's Electric Charge
 65595 | Orc:2    | Learned a level 5 spell: Silence
 65601 | Orc:2    | Learned a level 5 spell: Summon Mana Viper
 65605 | Orc:2    | Learned a level 3 spell: Swiftness
 65609 | Orc:2    | Learned a level 3 spell: Passwall
 65962 | Depths:1 | Killed Boris
 66049 | Depths:1 | Reached skill level 9 in Hexes
 66095 | Depths:1 | Found a gateway to Hell.
 66315 | Depths:1 | Reached skill level 16 in Fighting
 66315 | Depths:1 | Reached skill level 7 in Air Magic
 66381 | Depths:1 | Reached XP level 23. HP: 128/128 MP: 48/48
 66786 | Depths:1 | Found a stormy altar of Qazlal.
 66900 | Depths:1 | Reached skill level 10 in Hexes
 67118 | Depths:1 | Reached skill level 8 in Air Magic
 67389 | Depths:2 | Found a one-way gate to the infinite horrors of the Abyss.
 67440 | Depths:2 | Found a one-way gate leading to the halls of Pandemonium.
 67888 | Depths:2 | Reached skill level 17 in Fighting
 68221 | Depths:2 | Found a one-way gateway to a ziggurat.
 68607 | Depths:2 | Voluntarily entered the Abyss.
 68660 | Abyss:2  | Found a corrupted altar of Lugonu.
 68671 | Abyss:2  | Found a corrupted altar of Lugonu.
 68703 | Depths:2 | Escaped the Abyss
 68705 | Depths:2 | Voluntarily entered the Abyss.
 68743 | Depths:2 | Escaped the Abyss
 68745 | Depths:2 | Voluntarily entered the Abyss.
 68763 | Abyss:3  | Found a corrupted altar of Lugonu.
 68912 | Abyss:3  | Reached skill level 5 in Translocations
 68938 | Abyss:3  | Reached skill level 1 in Earth Magic
 69001 | Abyss:3  | Reached skill level 1 in Armour
 69111 | Depths:2 | Escaped the Abyss
 69113 | Depths:2 | Voluntarily entered the Abyss.
 69117 | Abyss:3  | Got an abyssal rune of Zot
 69158 | Abyss:4  | Found a corrupted altar of Lugonu.
 69167 | Depths:2 | Escaped the Abyss
 69231 | Depths:3 | Reached skill level 6 in Translocations
 69264 | Depths:3 | Reached skill level 2 in Earth Magic
 69315 | Depths:3 | Reached skill level 7 in Translocations
 69330 | Depths:3 | Found a magical portal.
 69340 | WizLab   | Entered Borgnjor's Mausoleum
 69415 | Depths:3 | Found a snail-covered altar of Cheibriados.
 69510 | Depths:3 | Reached skill level 2 in Armour
 69710 | Depths:3 | Reached skill level 8 in Translocations
 69998 | Depths:3 | Found a runed translucent door.
 70108 | Depths:3 | Reached skill level 18 in Fighting
 70406 | Depths:4 | Entered Level 4 of the Depths
 70406 | Depths:4 | Noticed Grunn
 70407 | Depths:4 | Noticed Xtahua
 70441 | Depths:3 | Reached skill level 3 in Earth Magic
 70441 | Depths:3 | Reached XP level 24. HP: 101/137 MP: 35/48
 70482 | Depths:3 | Killed Grunn
 70654 | Depths:3 | Killed Xtahua
 70779 | Depths:4 | Reached skill level 9 in Translocations
 70782 | Depths:4 | Found a radiant altar of Vehumet.
 70896 | Depths:4 | Reached skill level 3 in Armour
 70974 | Depths:4 | Reached skill level 14 in Evocations
 71381 | Depths:4 | Reached skill level 10 in Translocations
 71543 | Depths:4 | Found a gate to the Realm of Zot.
 71708 | Depths:4 | Found a runed translucent door.
 71709 | Depths:4 | Noticed Viocziel's ghost (adept TrMo)
 71754 | Depths:4 | Reached skill level 4 in Earth Magic
 72515 | Vaults:5 | Noticed an ancient lich
 72540 | Vaults:5 | Killed an ancient lich
 72596 | Vaults:5 | Reached skill level 4 in Armour
 72605 | Vaults:5 | Noticed an ancient lich
 72609 | Vaults:5 | Killed an ancient lich
 72844 | Vaults:5 | Reached skill level 16 in Invocations
 72989 | Vaults:5 | Reached skill level 15 in Evocations
 73387 | Vaults:5 | Found the +2 hat of the Bear Spirit {Spirit, Bear, *Rage
                  | Will++}
 73393 | Vaults:5 | Identified the +0 cloak of a bailey {Int+3}
 73427 | Vaults:5 | Got a silver rune of Zot
 73539 | Vaults:5 | Identified the +9 rapier "Orb Guardian's Doom" {freeze, rC+
                  | rCorr}
 73860 | Vaults:5 | Reached skill level 19 in Fighting
 73989 | Vaults:5 | Reached skill level 5 in Armour
 74069 | Vaults:5 | Noticed a dread lich
 74085 | Vaults:5 | Killed a dread lich
 74483 | Vaults:5 | Reached XP level 25. HP: 145/145 MP: 48/48
 74643 | Vaults:5 | Acquired the amulet "Uxzerue" {Faith rElec Dex+4 SInv}
 74685 | Vaults:5 | Noticed an ancient lich
 74692 | Vaults:5 | Killed an ancient lich
 74986 | Vaults:5 | Reached skill level 16 in Evocations
 75679 | Zot:1    | Entered Level 1 of the Realm of Zot
 76085 | Zot:1    | Reached skill level 6 in Armour
 79201 | Zot:4    | Reached skill level 17 in Invocations
 79228 | Zot:4    | Reached skill level 20 in Fighting
 79337 | Zot:5    | Entered Level 5 of the Realm of Zot
 79645 | Zot:5    | Found a runed translucent door.
 79660 | Zot:5    | Noticed paavali's ghost (legendary FoFi)
 79707 | Zot:5    | Reached skill level 17 in Evocations
 79905 | Zot:5    | Reached skill level 7 in Armour
 80540 | Zot:5    | Noticed a dread lich
 80540 | Zot:5    | Noticed an ancient lich
 80542 | Zot:5    | Noticed a Killer Klown
 80542 | Zot:5    | Noticed a Killer Klown
 80542 | Zot:5    | Noticed an orb of fire
 80543 | Zot:5    | Noticed a dread lich
 80544 | Zot:5    | Gained mutation: You are dopey. (Int -2) [an orb of fire]
 80549 | Zot:5    | Noticed an ancient lich
 80551 | Zot:5    | Got the Orb of Zot
 80558 | Zot:5    | Noticed an orb of fire
 81011 | D:6      | Noticed Beniute the pandemonium lord
 81138 | D:$      | Escaped with the Orb!

Illustrated notes

Levels and vault maps discovered:
D:1:      dpeg_arrival_water_temple_mockup, layout_loops_corners
D:2:      layout_loops_ring
D:3:      layout_basic, mainiacjoe_overflow_cross_hatched,
          overflow_temple_1_default, ebering_ecumenical_altar_petrified
D:4:      layout_basic, lemuel_round_altar, gammafunk_temple_overflow_claw,
          minmay_temple_entry_water_ring, serial_rivers,
          chequers_serial_rivers_large_b, chequers_serial_rivers_small_a,
          chequers_serial_rivers_micro_d, chequers_serial_rivers_marsh,
          uniq_crazy_yiuf_cottage, uniq_pikel, uniq_robin
D:5:      layout_loops_corners, nicolae_dithmenos_through_a_glass_darkly,
          nicolae_sextant, serial_library_regret_index_double_sided,
          kennysheep_generic_room_10, uniq_edmund
D:6:      layout_loops_corners, kennysheep_mini, lemuel_tele_altar,
          uniq_eustachio, uniq_grinder
D:7:      layout_cave_pools, nzn_hepliaklqana_mist_gate, xom_teletrap_fun,
          sigmund_army
D:8:      layout_cave_pools, lemuel_crystal_altar, minmay_lair_entry_grove,
          corexii_corridor_pit, grunt_ministairs_5
D:9:      layout_loops_ring, bloody_trog, hangedman_decor_slide_cut
D:10:     layout_gridville, orc_0_dummy
D:11:     layout_cave_pods, uniq_psyche, uniq_snorg, uniq_nergalle
D:12:     layout_small_grid
D:13:     layout_roguey, david_vaults_1, bloody_makhleb
D:14:     layout_roguey, minmay_door_square, serial_shops,
          nicolae_inconvenience_store, minmay_beelzebubs_servants
D:15:     grunt_enter_depths_snipers, layout_rooms, minmay_misc_feat_pillars,
          uniq_jorgrun
Temple:   jpeg_temple_island
Lair:1:   layout_big_grid, hellmonk_guarded_unrand_vines, grunt_megastairs_5
Lair:2:   layout_loops_ring, elwin_shoals_entry_stream,
          alex1729_snake_entry_snake, beast_lair_carwin_5,
          infiniplex_staircase_pool_2
Lair:3:   layout_chaotic_city
Lair:4:   layout_loops_ring, minmay_slime_entry_pillars, basic_altar
Lair:5:   hangedman_lair_tendril_chambers, layout_cave_pods,
          guppyfry_lair_end_dragon, uniq_kirke, uniq_josephine
Shoals:1: layout_shoals
Shoals:2: layout_shoals
Shoals:3: layout_shoals, serial_shops, shop,
          portal_ice_cave_entry_ice_statue_one, uniq_donald
Shoals:4: shoals_end_grunt_ice, layout_shoals, shoals_ilsuiw_ice,
          nicolae_shoals_the_drawing_of_the_three
Snake:1:  layout_cave_pods, serial_shops, nicolae_shop_industrial_runoff,
          minmay_shop_star
Snake:2:  layout_gridlike, ebering_ghost_reflecting_pool, grunt_megastairs_4
Snake:3:  layout_grid_shapes, serial_shops, nicolae_square_shop,
          nicolae_wooded_promenade
Snake:4:  hellmonk_snake_rune_quicksilver_temple, layout_onion_interference,
          ebering_ghost_inner_flame
Slime:1:  layout_caves
Slime:2:  layout_caves, special_room [special_room_jelly]
Slime:3:  layout_caves, nicolae_slime_crime_time
Slime:4:  layout_caves
Slime:5:  slime_pit_nicolae_jellycorners
Orc:1:    layout_diamond_mine
Orc:2:    grunt_orc_gardens, layout_caves, grunt_orc_garden, grunt_orc_garden,
          grunt_orc_garden, grunt_orc_garden, serial_shops, shop,
          nicolae_shop_firing_range
Elf:1:    minmay_elf_arrival_circle, layout_loops_corners, serial_shops,
          nicolae_square_shop, basic_altar, nicolae_trove_entry_diagonal,
          minmay_elf_annihilation, uniq_frances
Elf:2:    nicolae_elf_blades_crystal_corner, layout_loops_corners,
          guppyfry_elf_castle, uniq_louise
Elf:3:    minmay_elf_hall_quartered_circle, layout_geoelf_octagon,
          serial_corexii_hall, corexii_hall_statues_u, corexii_hall_statues_t,
          serial_shops, nicolae_shop_statue_plus, solitary_fountain,
          minivault_25, minmay_shop_grove
Vaults:1: nicolae_vaults_tangent_ellipses, nicolae_vaults_sightless_eye,
          ontoclasm_vaults_pinch, nicolae_vaults_offset_grid_hallway_4,
          v_misc_25, nicolae_vaults_rhombus_7, nicolae_vaults_storage_closets_1,
          nicolae_vaults_offset_grid_hallway_2, v_misc_25,
          nicolae_vaults_storage_room_doors, v_misc_29, v_misc_1,
          nicolae_vaults_house_1, ontoclasm_vaults_chip,
          nicolae_vaults_tetromino_Z_1, layout_vaults_omnicross
Vaults:2: nicolae_vaults_what_the_h, nicolae_vaults_storage_room_water,
          nicolae_vaults_door_testing_chamber, vaults_room_semicircle,
          nicolae_vaults_twisting_passages, nicolae_vaults_tetromino_L_2,
          v_misc_18, v_misc_30, nicolae_vaults_angled_halls, v_misc_12,
          vaults_room_semicircle, vaults_dpeg_hooks,
          nicolae_vaults_tetromino_T_2, layout_vaults_omnibox
Vaults:3: hangedman_vaults_capsules, ontoclasm_vaults_hangar, v_pattern_4,
          nicolae_vaults_shipping_containers_3, nicolae_vaults_more_shelving_1,
          dpeg_vaults_monster_box, minmay_crypt_entry_nasty_monster,
          layout_vaults_omnigrid, serial_shops, shop
Vaults:4: nicolae_vaults_sesquioval_fish, nicolae_vaults_network_periphery,
          vaults_room_door_hall, vaults_room_ringed_pool, v_pattern_2,
          nicolae_vaults_house_1, hangedman_vaults_snaps,
          vaults_standard_mumra_x, nicolae_vaults_diamond_2,
          nicolae_vaults_rhombus_6, nicolae_vaults_trapezoid_lopsided_1,
          layout_vaults_chaotic_city, uniq_bai_suzhen
Vaults:5
Crypt:1:  layout_catacombs, roderic_lattice_octagonal_star,
          grunt_crypt_arrival_webbed
Crypt:2:  layout_chaotic_city, tombwall_bobbens, uniq_khufu, uniq_boris,
          uniq_frederick
Crypt:3:  lightli_unholy_cathedral, layout_chaotic_city,
          tomb_entry_simple_bobbens, hellmonk_ghost_big_iron
Depths:1: kennysheep_blocky_hall, layout_cave_shapes, grunt_qazlal_clouds,
          pf_hell_entry_tar_spiral, lemuel_old_faithful
Depths:2: wad_statue_garden, layout_cross, enter_ziggurat_e, pan_entry,
          hell_entry, hangedman_decor_points, abyss_entry,
          infiniplex_staircase_hallway_doors
Depths:3: minmay_inner_zag, layout_small_grid, cheibriados_altar_1,
          hangedman_abyss_entry_splay, hell_entry, mu_enter_wizlab_3,
          glass_columns_a, minmay_acid_items, infiniplex_staircase_zigzag_5
Depths:4: grunt_zot_entry_tricorne, layout_gridville,
          grunt_hell_entry_dis_grunt, gammafunk_ghost_grave,
          nicolae_vehumet_radiance, infiniplex_staircase_pool_lava, uniq_xtahua,
          uniq_grunn
Zot:1:    infiniplex_zot_generator, layout_onion_interference,
          regret_index_zotdec_obsidian_hm, lemuel_lich_library
Zot:2:    layout_misc_corridors, regret_index_zotdec_twisting_globes,
          lemuel_elevator
Zot:3:    grunt_twist_and_shout, layout_onion,
          gammafunk_ghost_wrathful_warriors, st_small_dragon_hoard_3
Zot:4:    layout_misc_corridors, grunt_ministairs_1
Zot:5:    layout_basic, hellmonk_ghost_happy_afterlife, grunt_ministairs_8

Skill      XL: |  1  2  3  4  5  6  7  8  9 10 11 12 13 14 15 16 17 18 19 20 21 22 23 24 25 |
---------------+----------------------------------------------------------------------------+-----
Ranged Weapons | 1 2 3 5 6 7 9 10 12 14 15 17 18 20 | 20.0
Shapeshifting  | 1 |  1.7
Dodging        | 3 5 7 8 10 11 13 14 15 16 18 19 20 | 20.0
Spellcasting   | 3 4 5 6 7 9 10 12 13 14 15 16 17 18 19 20 | 20.0
Fighting       | 2 3 4 5 6 7 8 9 10 11 12 13 14 16 18 19 20 | 20.0
Evocations     | 4 6 8 10 12 13 15 17 | 17.3
Invocations    | 3 5 8 9 10 11 12 13 15 16 17 | 17.3
Shields        | 1 3 4 6 7 8 9 10 | 10.0
Stealth        | 4 8 10 | 10.0
Translocations | 4 8 10 | 10.0
Hexes          | 9 10 | 10.0
Air Magic      | 7 8 |  8.0
Earth Magic    | 3 4 |  4.0
Armour         | 2 5 7 |  7.2
Summonings     | |  3.2

Action                     |  1- 3 |  4- 6 |  7- 9 | 10-12 | 13-15 | 16-18 | 19-21 | 22-24 | 25-27 || total
---------------------------+-------+-------+-------+-------+-------+-------+-------+-------+-------++-------
  Melee: Unarmed           |       |       |       |       |     5 |       |       |       |       ||     5
   Fire: Sling             |    82 |   101 |   520 |   264 |       |       |       |       |       ||   967
         Orcbow            |       |       |       |   930 |  2834 |   916 |       |       |       ||  4680
         Hand cannon       |       |       |       |       |       |  1601 |  1874 |  2110 |   464 ||  6049
   Cast: Summon Small Mamm |     1 |       |       |       |       |       |       |       |       ||     1
         Apportation       |       |       |       |       |       |       |       |    40 |     2 ||    42
         Silence           |       |       |       |       |       |       |       |    11 |       ||    11
         Passwall          |       |       |       |       |       |       |       |     2 |     6 ||     8
         Blink             |       |       |       |       |       |       |       |     1 |       ||     1
 Invoke: Wall of Briars    |       |       |       |     4 |    12 |    12 |     8 |     7 |       ||    43
         Grow Ballistomyce |       |       |       |       |     3 |     5 |       |     1 |       ||     9
         Grow Oklob        |       |       |       |       |       |       |     1 |     3 |       ||     4
         Overgrow          |       |       |       |       |       |       |       |     2 |       ||     2
Ability: Begin Untransform |       |     1 |       |       |       |       |       |       |       ||     1
  Evoke: Wand              |       |       |     3 |    13 |     5 |    19 |     4 |     3 |    11 ||    58
         Phial of floods   |       |       |       |       |     2 |       |     1 |       |       ||     3
         Lightning rod     |       |       |       |       |     3 |    10 |     4 |       |       ||    17
         Phantom mirror    |       |       |       |       |       |       |     1 |       |     1 ||     2
         Tin of tremorston |       |       |       |       |       |       |       |     4 |       ||     4
         Sack of spiders   |       |       |       |       |       |       |       |       |     1 ||     1
    Use: Scroll            |     3 |     2 |     6 |    15 |     8 |     5 |    10 |     3 |    14 ||    66
         Potion            |       |       |     3 |       |       |     2 |     1 |     2 |     7 ||    15
 Armour: Robe              |    13 |     6 |    61 |   132 |   458 |   459 |   224 |   347 |    72 ||  1772
         Steam dragon scal |       |       |    28 |    97 |       |       |       |       |       ||   125
         Skin              |       |       |       |       |     3 |       |     7 |       |       ||    10
  Dodge: Dodged            |    15 |    19 |   273 |   469 |  1260 |  1193 |   865 |  1186 |   368 ||  5648
  Block: Other             |       |       |    13 |    84 |   199 |    81 |       |       |       ||   377
         Buckler           |       |       |       |       |       |   341 |   477 |   704 |   175 ||  1697
         Reflection        |       |       |       |       |       |    10 |    23 |       |     2 ||    35
   Form: Beast             |     1 |       |       |       |       |       |       |       |       ||     1

Table legend:
 A = Kills in this place as a percentage of kills in the entire game.
 B = Kills by you in this place as a percentage of kills by you in the entire game.
 C = Kills by friends in this place as a percentage of kills by friends in the entire game.
 D = Other kills in this place as a percentage of other kills in the entire game.
 E = Experience gained in this place as a percentage of experience gained in the entire game.
 F = Experience gained in this place divided by the number of levels of this place that you have seen.
                   A       B       C       D       E      F
               +-------+-------+-------+-------+-------+----------------------
         Total | 100.0 | 100.0 | 100.0 | 100.0 | 100.0 | 19711.4
       Dungeon |  17.8 |  18.6 |   0.0 |   0.0 |   6.6 | 5521.9
          Lair |   8.7 |   8.8 |   7.5 |   6.5 |   4.6 | 11492.0
        Shoals |   6.4 |   6.6 |   0.0 |   3.2 |   5.7 | 17992.5
     Snake Pit |   9.6 |  10.0 |   0.0 |   0.0 |   8.6 | 26971.8
    Slime Pits |   4.2 |   4.1 |   3.8 |   6.5 |   4.1 | 10468.0
  Orcish Mines |   3.4 |   3.5 |   0.0 |   3.2 |   1.6 | 10076.0
   Elven Halls |   7.1 |   7.0 |   7.5 |   9.7 |   9.4 | 39396.7
        Vaults |  18.6 |  17.5 |  54.7 |  29.0 |  24.6 | 62168.8
         Crypt |   8.0 |   8.2 |   0.0 |   9.7 |  10.4 | 43800.0
        Depths |  10.9 |  10.5 |  15.1 |  25.8 |  15.8 | 49692.5
           Zot |   3.6 |   3.4 |  11.3 |   6.5 |   6.8 | 17191.2
         Abyss |   1.6 |   1.7 |   0.0 |   0.0 |   1.9 | 3390.1
               +-------+-------+-------+-------+-------+----------------------

Table legend: (Time is in decaauts)
 A = Elapsed time spent in this place.
 B = Non-inter-level travel time spent in this place.
 C = Inter-level travel time spent in this place.
 D = Time resting spent in this place.
 E = Time spent auto-exploring this place.
 F = Levels seen in this place.
 G = Mean time per level.
                   A        B        C        D        E       F      G
               +--------+--------+--------+--------+--------+-----+--------+
         Total |  64221 |  60609 |   3612 |  18502 |  25556 |  64 | 1003.5 |
       Dungeon |  12648 |  11137 |   1511 |    720 |   6913 |  15 |  843.2 |
        Temple |     38 |      2 |     36 |      0 |      0 |   1 |   38.0 |
          Lair |   5524 |   5063 |    461 |    265 |   2908 |   5 | 1104.8 |
        Shoals |   5773 |   5665 |    108 |   1861 |   2290 |   4 | 1443.2 |
     Snake Pit |   6941 |   6757 |    184 |   2164 |   3069 |   4 | 1735.2 |
    Slime Pits |   2576 |   2521 |     55 |   1776 |    109 |   5 |  515.2 |
  Orcish Mines |   1539 |   1333 |    206 |    120 |    718 |   2 |  769.5 |
   Elven Halls |   7453 |   7190 |    263 |   4291 |   1661 |   3 | 2484.3 |
        Vaults |   7477 |   7125 |    352 |   1425 |   3510 |   5 | 1495.4 |
         Crypt |   4536 |   4448 |     88 |   1760 |   1532 |   3 | 1512.0 |
        Depths |   4698 |   4423 |    275 |    480 |   2504 |   4 | 1174.5 |
           Zot |   4604 |   4536 |     68 |   3587 |    338 |   5 |  920.8 |
         Abyss |    403 |    403 |      0 |     49 |      0 |   7 |   57.6 |
        Wizlab |      4 |      4 |      0 |      0 |      0 |   1 |    4.0 |
               +--------+--------+--------+--------+--------+-----+--------+

Top non-repeatable levels by time:
   Elf:3: 3592 daAuts
   Zot:1: 2680 daAuts
   Elf:2: 2654 daAuts
 Snake:4: 2527 daAuts
Shoals:4: 2476 daAuts
Vaults:5: 2180 daAuts
 Crypt:3: 1977 daAuts
 Snake:1: 1829 daAuts
  Lair:5: 1664 daAuts
Vaults:3: 1481 daAuts
Vaults:4: 1473 daAuts
Shoals:3: 1374 daAuts
 Snake:3: 1358 daAuts
    D:14: 1325 daAuts
  Lair:2: 1315 daAuts
